[Event "Frauenbundesliga 2024-25"]
[Site "Germany"]
[Date "2025.01.26"]
[Round "4.7"]
[White "Voicu-Jagodzinsky, Carmen"]
[Black "Klek, Hanna Marie"]
[Result "0-1"]
[Annotator "TA"]
[ECO "C54"]
[WhiteElo "2238"]
[BlackElo "2290"]
[PlyCount "116"]
[EventDate "2024.11.06"]
[EventType "team-tourn"]
[EventCountry "GER"]
[SourceTitle "playchess.com"]
[Source "ChessBase"]
[SourceQuality "1"]
[TimeControl "40/5400+30:1800+30"]

1. e4 e5 2. Nf3 Nc6 3. Bc4 Bc5 4. c3 Nf6 5. d3 d6 6. O-O a5 {[%emt 0:00:48] C54: Giuoco Piano: 4 c3 Nf6, main lines with 5 d4 and 5 d3.} 7. Re1 h6 8. a4 O-O {[%emt 0:01:29] The position is equal.} 9. h3 Re8 10. Nbd2 Ba7 11. Nf1 Be6 12. Bb5 Bd7 13. Ng3 Ne7 14. Nh4 c6 {[%emt 0:03:25] The position is symmetric and equal} 15. Bc4 d5 $36 {[%emt 0:00:32][%mdl 2048] Black fights for an advantage.} 16. Ba2 Nc8 $146 (16... Ng6 17. Nhf5 Be6 18. Qf3 dxe4 19. dxe4 Bxa2 20. Rxa2 Re6 21. b3 Qf8 22. Rd1 Rd8 23. Rxd8 Qxd8 {1-0 Bocharov,I (2563)-Belyakov,B (2459) Wch Rapid St Petersburg 2018 (2)}) 17. Qf3 {[%emt 0:07:15] [#]} Nxe4 18. dxe4 (18. Rxe4 $16 {[%cal Og3h5] And now Nh5! would win.} Nd6 19. Rg4) 18... Qxh4 $14 19. exd5 Nd6 20. Be3 Bxe3 21. Rxe3 ({Better is} 21. Qxe3 $14 Qxa4 22. Qc5) 21... e4 $1 $15 {[%emt 0:04:44] Black has a king side majority} 22. Qh5 Qxh5 23. Nxh5 Re5 24. dxc6 Bxc6 25. Ng3 Rd8 26. Rd1 (26. Ree1 $11) 26... Bxa4 27. Rd4 Bc6 28. f3 Ree8 (28... Rb5 $17 {...exf3 is the strong threat.} 29. fxe4 Rxb2) 29. fxe4 $11 Nb5 30. Rxd8 Rxd8 31. Rf3 Rd7 32. Rf2 Nc7 33. h4 Ne6 34. e5 Rd1+ 35. Kh2 Bd5 $1 36. c4 (36. Bxd5 $15 Rxd5 37. Re2) 36... Bc6 $17 37. Nf5 {[%emt 0:00:06] [#]} (37. c5 $17) 37... Nc5 $1 $19 38. e6 (38. Ne7+ $142 Kf8 39. Nxc6 bxc6 40. Rf5) 38... Nxe6 39. c5 Re1 (39... Nxc5 40. Ne7+ Kh7 41. Bxf7 $16) 40. Nd6 {[%emt 0:03:38] [#]} f6 (40... Nxc5 41. Rxf7 Kh7 42. Nf5 $16) 41. Rd2 Kf8 42. Rc2 (42. Bxe6 $17 Rxe6 43. Nc4) 42... Nf4 43. Kg3 (43. Bc4 {only move.}) 43... Nd3 44. Bf7 (44. Rd2 {was called for.} Nxc5 45. Kf2) 44... Re3+ 45. Kh2 Re5 46. Bg6 Nf4 ({Weaker is} 46... Nxc5 47. Nc4 Be4 48. Bxe4 Rxe4 49. Nxa5 $17) 47. Bf5 Nxg2 48. Bc8 Ne1 ({Resist} 48... Nxh4 49. Bxb7 Nf3+ 50. Kg3 $19) 49. Rc3 Re2+ {[%emt 0:00:00] Black is clearly winning.} 50. Kh3 Rxb2 51. Nc4 Ra2 52. Nd6 Nf3 53. Nxb7 (53. Bxb7 $142 Ng1+ 54. Kg4 Bd7+ (54... Ne2 $2 55. Rc4 $19) 55. Kh5) 53... h5 54. Kg3 Ng1 55. Rb3 g5 {[%emt 0:01:20] ( -> ...Rg2#)} 56. hxg5 fxg5 57. Bh3 {[%emt 0:00:37] Prevents Rg2+.} Ne2+ 58. Kf2 Nd4+ {[%emt 0:00:07] Weighted Error Value: White=0.61/Black=0.21 (precise)   Mistake:       	White=10    	Black=2      Inaccurate:     	White=6     	Black=3      OK:         	White=16    	Black=22     Best:        	White=2     	Black=5      Strong:       	---       	Black=2} 0-1

[Event "Frauenbundesliga 2024-25"]
[Site "Germany"]
[Date "2025.01.26"]
[Round "4.7"]
[White "Rogule, Laura"]
[Black "Antolak, Julia"]
[Result "1/2-1/2"]
[Annotator "TA"]
[ECO "A58"]
[WhiteElo "2219"]
[BlackElo "2300"]
[PlyCount "74"]
[EventDate "2024.11.06"]
[EventType "team-tourn"]
[EventCountry "GER"]
[SourceTitle "playchess.com"]
[Source "ChessBase"]
[SourceQuality "1"]
[TimeControl "40/5400+30:1800+30"]

1. d4 Nf6 2. c4 g6 3. g3 c5 4. d5 b5 5. cxb5 a6 6. bxa6 Bg7 {[%emt 0:00:25] A58: Benko/Volga Gambit: Lines with 5 bxa6.} 7. Nc3 O-O 8. d6 (8. Bg2 $11) 8... Rxa6 $15 {[%emt 0:04:32] Black is slightly better.} (8... Bxa6 9. dxe7 Qxe7 10. Bg2 $14) 9. dxe7 Qxe7 10. Bg2 {[%emt 0:01:46][%cal Bf1g2,Bg2d5,Bd5c4,Bc4d3,Bd3b5][%mdl 32] [#] Inhibits Bb7.} d5 $1 11. Bg5 $146 (11. Nxd5 Nxd5 12. Qxd5 Rd8 13. Bg5 Bf6 14. Bxf6 Qxf6 15. Qb3 c4 16. Qc3 Qd6 17. a3 {0-1 Vagionakis,M (1732)-Ristic,N (2400) Heraklion op 21st 2017 (9)}) 11... Bb7 12. Bxf6 (12. Nxd5 $11 {remains equal.} Bxd5 13. Bxd5) 12... Bxf6 ({Better is} 12... Qxf6 $17 13. Bxd5 Rd8) 13. Nh3 d4 14. Nd5 Bxd5 15. Bxd5 {[%emt 0:00:08] White is weak on the dark squares} Rd6 {[%emt 0:00:27] Black sacrificed a pawn} 16. Bc4 Nc6 {[%emt 0:06:14] ...Ne5 is the strong threat.} 17. O-O Ne5 18. Qb3 d3 19. Bxd3 (19. exd3 Qa7 20. Rae1 Nf3+ (20... Rb8 21. Qa3 $19) 21. Kg2 Nxe1+ 22. Rxe1 Rb8 $17) 19... Qc7 (19... Nxd3 $11 20. exd3 Qd7) 20. Bb5 $16 Rd2 {[%emt 0:03:11][%cal Od2b2] Prevents Qc2.} 21. Rab1 Rfd8 22. a4 c4 (22... Qc8 $5 23. Nf4 $8 g5 $11) 23. Qe3 Qb7 (23... Be7 $1 $11) 24. Nf4 Rxe2 $2 25. Nxe2 $18 Nf3+ 26. Kh1 Kg7 27. Rbd1 {[%emt 0:00:32] Prevents Rd3.} (27. Bxc4 Nd2+ 28. f3 Nxc4 $15) (27. Nc3 $18 Nd2+ 28. f3) 27... Ne1+ $14 28. f3 Rxd1 29. Ng1 (29. Nc3 {simplifies} Nc2 30. Qe2 Rxf1+ 31. Qxf1 Nd4 32. Bxc4 Qxb2 33. Nd5) 29... Nxf3 30. Rxd1 Nh4+ {[%emt 0:03:07] [#]} 31. Nf3 $1 Nxf3 32. Rd7 (32. Bxc4 $2 Nd2+ (32... Bxb2 $2 33. Bd5 $18) 33. Kg1 Nxc4 $19) 32... Qa8 {[%emt 0:00:26] ( -> ...Nh4+)} 33. Ra7 ({Reject} 33. Bxc4 Ne5+ 34. Bd5 Qxa4 $17) (33. Rd6 $5 Ne5+ 34. Kg1 $16) 33... Qd5 34. Rd7 Qa8 35. Ra7 (35. Bxc4 Ne5+ 36. Bd5 Qxa4 $17) (35. Rd6 $5 Ne5+ 36. Kg1 Nf3+ 37. Kh1 $14) 35... Qd5 36. Rd7 Qa8 {( -> ...Ne1+)} 37. Ra7 (37. Bxc4 Ne5+ 38. Bd5 Qxa4 $17) ({White should play} 37. Rd6 $1 $14 Ne5+ 38. Kg1) 37... Qd5 {Weighted Error Value: White=0.35/Black=0.34  Loses game:     	---       	Black=1      Missed win:     	White=1     	---        Mistake:       	White=3     	Black=3      Inaccurate:     	White=3     	Black=2      OK:         	White=11    	Black=15     Best:        	White=5     	Black=2      Brilliant:      	White=1     	---} 1/2-1/2

[Event "Frauenbundesliga 2024-25"]
[Site "Germany"]
[Date "2025.01.26"]
[Round "4.8"]
[White "Wagner, Dinara"]
[Black "Sliwicka, Alicja"]
[Result "1/2-1/2"]
[Annotator "TA"]
[ECO "E04"]
[WhiteElo "2437"]
[BlackElo "2344"]
[PlyCount "71"]
[EventDate "2024.11.06"]
[EventType "team-tourn"]
[EventCountry "GER"]
[SourceTitle "playchess.com"]
[Source "ChessBase"]
[SourceQuality "1"]
[TimeControl "40/5400+30:1800+30"]

1. d4 d5 2. c4 e6 3. Nf3 Nf6 4. g3 dxc4 5. Bg2 Bb4+ 6. Bd2 a5 7. a3 {[%emt 0:15:20] E04: Open Catalan: 5 Nf3.} Bxd2+ 8. Qxd2 Nc6 9. O-O {[%emt 0:07:58][%mdl 1024] White is slightly better. White has compensation.} O-O 10. a4 Qe7 $146 (10... Ne4 11. Qc2 Nd6 12. Na3 Qf6 13. Qc3 Nb4 14. Nxc4 Nd5 15. Qd3 b6 16. Nfe5 Ba6 {0-1 Yellamraju,A (1712)-Nguyen,A (1637) Pan American-ch U14 Girls 2019 (7)}) 11. Qc3 {[%emt 0:17:53] White sacrificed a pawn} Nb4 12. Nbd2 b6 13. Nxc4 Bb7 14. Rfd1 Rac8 15. Qa3 Rfd8 16. Rac1 Bd5 17. Nfe5 Bxg2 18. Kxg2 c5 19. dxc5 Rxd1 20. Rxd1 Qxc5 (20... Rxc5 $11 21. Qf3 Rd5) 21. Qf3 $16 Nbd5 (21... Rf8 $142) 22. e4 {[%emt 0:01:51] White is more active.} Nb4 23. g4 (23. b3 $16) 23... Nc6 $1 $11 24. Nxc6 Qxc6 25. b3 Qc5 (25... Nxe4 $2 26. Ne5 Qa8 (26... Qb7 $2 27. Rd7 $18) 27. Qxf7+ Kh8 28. f3 $16 (28. Qxe6 Nc5+ 29. Qd5 Qxd5+ 30. Rxd5 h6 $16)) 26. Qf4 h6 27. h4 Rf8 28. g5 hxg5 29. hxg5 Nh5 30. Qe3 {[%emt 0:02:34] Strongly threatening Qxc5.} Rc8 ({Black should try} 30... Qc7 $14) 31. Qxc5 ({Don't do} 31. Nxb6 Qxe3 32. fxe3 Rc5 $16) ({White should play} 31. Rd6 $18) 31... Rxc5 $14 {[%emt 0:00:06] [#]} 32. Nxb6 (32. Rd8+ $1 $16 Kh7 33. Rb8 (33. Nxb6 Rc3 $11)) 32... Rc3 $1 $11 {[%emt 0:01:59] The position is equal.} 33. Rb1 (33. Rd8+ Kh7 34. Ra8 Nf4+ 35. Kg1 Rxb3 $15) 33... Nf4+ 34. Kh1 Rh3+ 35. Kg1 Ne2+ 36. Kg2 {[%emt 0:00:05] Weighted Error Value: White=0.18 (very precise) /Black=0.17 (very precise)   Mistake:       	White=3     	Black=3      Inaccurate:     	White=2     	Black=2      OK:         	White=11    	Black=12     Best:        	White=2     	---        Strong:       	---       	Black=2} 1/2-1/2

[Event "Frauenbundesliga 2024-25"]
[Site "Germany"]
[Date "2025.01.26"]
[Round "4.8"]
[White "Schleining, Zoya"]
[Black "Pipiras, Filipa Fortuna"]
[Result "1-0"]
[Annotator "TA"]
[ECO "B10"]
[WhiteElo "2323"]
[BlackElo "2178"]
[PlyCount "121"]
[EventDate "2024.11.06"]
[EventType "team-tourn"]
[EventCountry "GER"]
[SourceTitle "playchess.com"]
[Source "ChessBase"]
[SourceQuality "1"]
[TimeControl "40/5400+30:1800+30"]

1. e4 c6 2. Nf3 d5 3. exd5 cxd5 4. Ne5 a6 5. d4 Nc6 6. c3 {[%emt 0:01:23] B10: Caro-Kann: 2 d3 and 2 c4.} Nf6 7. Bd3 g6 {[%emt 0:01:17] 7...g6 is better than 7...e6.} 8. Nd2 {[%emt 0:13:16] White has an edge.} Bg7 9. Ndf3 O-O 10. O-O Ne8 $146 (10... Bg4 11. Nxg4 Nxg4 12. h3 Nf6 13. Re1 Rc8 14. Bf4 Na5 15. Qe2 Re8 16. g3 Nc4 {1-0 Svane,F (2636)-Ozalp,B (2127) Titled Tuesday intern op 30th Jul Late blitz 2024 (2)}) 11. Re1 Nxe5 12. dxe5 Nc7 {[%emt 0:09:26] Black is weak on the dark squares} 13. Qa4 Qd7 14. Qh4 f6 15. Bh6 {[%emt 0:14:17] White is much more active.} Qg4 16. Qxg4 (16. Bxg7 {feels hotter.} Qxh4 17. Bxf8 Qf4 18. Bxe7 Bg4 19. g3) 16... Bxg4 17. Bxg7 Kxg7 18. exf6+ exf6 19. Nd4 Rfe8 20. f3 Bd7 21. Kf2 Rad8 22. Bc2 Kf8 23. Bb3 Re5 24. Rad1 Rde8 25. Nc2 Rxe1 26. Nxe1 (26. Rxe1 Rxe1 27. Kxe1 Ke7 $16) 26... Be6 27. Nc2 Rd8 28. Nd4 Bf7 29. h4 h5 30. Re1 Re8 31. Rxe8+ Kxe8 $14 {[%emt 0:00:29][%mdl 4096] Endgame KBN-KBN} 32. f4 Ke7 33. Ke3 Kd6 34. Bc2 Na8 {[%emt 0:01:28] [#] Black is now going downhill.} (34... Be8 $14) 35. f5 $1 $16 gxf5 (35... g5 $142) 36. Kf4 Nb6 (36... Nc7 $16 {was worth a try.} 37. Nxf5+ (37. Bxf5 Ke7 $18) (37. Kxf5 Ke7 $16) 37... Kd7) 37. Nxf5+ $18 (37. Bxf5 Na4 $16) (37. Kxf5 $6 Ke7 $16) 37... Kd7 38. b3 Bg6 39. Bd1 a5 40. Ng3 d4 {[%emt 0:00:36] [#]} 41. c4 {[%emt 0:31:11] Against Nd5+} (41. cxd4 $6 Nd5+ 42. Kf3 Nc3 $16) 41... a4 42. Nxh5 ({Don't take} 42. Bxh5 $6 Bb1 $16) 42... Ke7 43. Ng3 (43. bxa4 Nxc4 44. Ng3 Nb2 $11) 43... Bb1 44. Nf5+ ({Less strong is} 44. bxa4 Nxc4 45. h5 Kf8 $11) 44... Kf7 (44... Kf8 $142 45. bxa4 (45. Nxd4 Bxa2 46. bxa4 Bxc4 $18) 45... Bxa2 46. Nxd4 Bxc4) 45. Nxd4 Bxa2 46. bxa4 Bxc4 47. Nf5 Nd5+ 48. Kf3 Ke6 {[%emt 0:01:30] Prevents Nd6.} 49. Ne3 Nxe3 50. Kxe3 {[%emt 0:00:00] KB-KB. White is a pawn up.} b5 $2 (50... b6 51. g3 Kf5) 51. a5 Kd6 52. Kd4 Bf1 53. h5 {[%emt 0:00:00][%cal Bh4h5,Bh5h6][%mdl 32] h6 would kill now.} Ke7 54. g4 {[%emt 0:00:00][%cal Bg2g4,Bg4g5,Bg5g6,Bg6g7][%mdl 32] White mates.} f5 55. g5 b4 56. h6 Kf7 57. Bh5+ Kg8 58. g6 f4 59. Bd1 f3 60. Bb3+ Kf8 61. g7+ {[%emt 0:00:00] Weighted Error Value: White=0.09 (flawless) /Black=0.52  Mistake:       	---       	Black=5      Inaccurate:     	White=1     	Black=5      OK:         	White=20    	Black=16     Best:        	White=1     	Black=1      Strong:       	White=1     	---} 1-0

[Event "Frauenbundesliga 2024-25"]
[Site "Germany"]
[Date "2025.01.26"]
[Round "4.8"]
[White "Unuk, Laura"]
[Black "Berzina, Ilze"]
[Result "0-1"]
[Annotator "TA"]
[ECO "D30"]
[WhiteElo "2312"]
[BlackElo "2192"]
[PlyCount "74"]
[EventDate "2024.11.06"]
[EventType "team-tourn"]
[EventCountry "GER"]
[SourceTitle "playchess.com"]
[Source "ChessBase"]
[SourceQuality "1"]
[TimeControl "40/5400+30:1800+30"]

1. d4 d5 2. c4 e6 3. Nf3 c6 4. e3 Bd6 5. b3 f5 6. Qc2 {[%emt 0:01:58] D30: Queen's Gambit Declined: Systems without Nc3.} Nf6 7. Bd3 Ne4 8. Bb2 {[%emt 0:00:59] White is slightly better.} Nd7 9. Nc3 Ndf6 10. c5 $146 (10. O-O O-O 11. Ne5 Nxc3 12. Bxc3 Ne4 13. Bb2 Bd7 14. f3 Nf6 15. e4 dxe4 16. fxe4 fxe4 17. Bxe4 Nxe4 18. Qxe4 Bxe5 19. Qxe5 {1-0 Blanco Ronquillo,H (2442)-Filgueira,H (2283) Titled Tuesday intern op 30th Aug Early blitz 2022 (11)}) 10... Bc7 11. O-O-O ({White should play} 11. O-O) 11... O-O $11 12. Kb1 b6 13. Na4 b5 14. Nc3 a5 15. Qe2 (15. a3 $15) 15... Nxc3+ 16. Bxc3 Ne4 17. Bb2 b4 $1 18. Ne1 {[%emt 0:12:16] [#]} a4 $1 {[%emt 0:01:11] Black is much more active.} 19. f3 {[%emt 0:00:14] [#]} axb3 $1 20. fxe4 fxe4 {[%emt 0:01:46] Black has strong rooks and is better} (20... bxa2+ $19 21. Ka1 fxe4 (21... dxe4 22. Bc4 $16)) 21. axb3 $17 exd3 22. Nxd3 Ba6 23. Qg4 Bxd3+ 24. Rxd3 Qe7 25. g3 (25. Rd2 $17) 25... Rf2 $19 26. e4 $2 (26. Qd1) 26... Qf7 (26... Bf4 $142 {[%cal Oe7a7] ( -> ...Qa7!)} 27. Qxf4 (27. gxf4 $2 Qa7 $19) 27... Rxf4 28. gxf4 Qh4 (28... dxe4 $2 29. Rg3 $19)) 27. Re1 $2 (27. Re3 {was necessary.}) 27... h5 (27... Rxh2 28. Rf3 Qd7 (28... Qg6 29. Qxg6 hxg6 30. exd5 $11) 29. exd5 Qxd5 30. Qxe6+ Qxe6 31. Rxe6 $16) 28. Qd1 Qg6 $2 ({Better is} 28... Rxh2 $19 29. Rf3 Qg6) 29. exd5 $2 {[%emt 0:00:35] Loses the game.} (29. Rd2 $15 Raf8 30. Qc2 Rxd2 31. Qxd2) 29... exd5 30. Re2 Raf8 ({Don't do} 30... Rf3 31. Red2 Rxd3 32. Rxd3 $17) 31. Qd2 $2 (31. Qc2 Rxe2 32. Qxe2) 31... Rf1+ 32. Kc2 Bd8 {[%emt 0:01:43] Threatens to win with ...Bg5.} 33. Qxb4 Bg5 (33... R8f3 $142 34. Qd2 Ba5) 34. Qc3 R8f2 35. Rxf2 Rxf2+ 36. Kd1 Qe4 37. Bc1 Qe2# {[%emt 0:00:19] Weighted Error Value: White=1.20/Black=0.38  Loses game:     	White=1     	---        Missed win:     	---       	Black=1      Mistake:       	White=6     	Black=2      Inaccurate:     	White=6     	Black=2      OK:         	White=7     	Black=8      Best:        	White=2     	Black=2      Strong:       	---       	Black=3} 0-1

[Event "Frauenbundesliga 2024-25"]
[Site "Germany"]
[Date "2025.01.26"]
[Round "4.9"]
[White "Sieber, Fiona"]
[Black "Narva, Mai"]
[Result "1-0"]
[Annotator "TA"]
[ECO "B31"]
[WhiteElo "2263"]
[BlackElo "2398"]
[PlyCount "73"]
[EventDate "2024.11.06"]
[EventType "team-tourn"]
[EventCountry "GER"]
[SourceTitle "playchess.com"]
[Source "ChessBase"]
[SourceQuality "1"]
[TimeControl "40/5400+30:1800+30"]

1. e4 c5 2. Nf3 Nc6 3. Bb5 g6 4. O-O Bg7 5. Re1 Nf6 6. Bxc6 bxc6 7. e5 Nd5 8. c4 Nc7 9. Nc3 Ne6 {[%emt 0:04:20] B31: Sicilian: 2...Nc6 3 Bb5 g6.} 10. d4 cxd4 11. Nxd4 Nxd4 {[%emt 0:00:52] The position is equal.} 12. Qxd4 d6 {[%emt 0:01:24] Black is weak on the dark squares} 13. Bf4 O-O 14. Qe3 Be6 15. c5 $146 (15. b3 Qa5 16. h4 Rfd8 17. Rad1 Bf5 18. f3 dxe5 19. Bxe5 Rxd1 20. Nxd1 Bxe5 21. Qxe5 Qxa2 {½-½ Antipov,M (2599)-Sargsyan,A (2361) Pan American Intercollegiate-chT 2023 (3)}) 15... dxc5 16. Qxc5 Qc7 17. Rac1 Rfd8 18. b3 Qb7 19. Na4 Bd5 20. Qe3 Qc8 21. h3 h5 22. Bg5 Re8 23. Qd3 Kh7 24. Nc5 Rb8 {[%emt 0:04:36] [#]} 25. e6 $1 f6 (25... fxe6 26. Bf4) 26. Bf4 Rb4 27. Bd2 Rb8 28. Re3 {[%emt 0:03:21][%cal Be1e3,Be3g3,Bg3a3,Ba3a7,Ba7a8][%mdl 32] White has more active pieces.} Rd8 {[%emt 0:04:02] [#]} (28... Rg8 $16 29. Rg3 f5) 29. Rg3 $1 $18 f5 30. Qe3 $40 {[%emt 0:00:23][%mdl 128] White attacks with force.} Rd6 31. Qg5 Qe8 32. Re1 Rb5 33. b4 Bxa2 $2 {[%emt 0:03:50] A mistake that costs the game.} (33... Rxc5 $16 34. bxc5 Rxe6) 34. Ra3 Bc4 $2 (34... Rd5 35. Rxa7 (35. Rxa2 a5 $18) 35... Rxd2 36. Qxd2 Bc4) 35. Rxa7 {[%emt 0:01:27][%cal Od2c3] and Bc3! would now be decisive} Bf8 36. Bc3 {[%emt 0:01:44] Intending Qf6 and mate. Prevents Rxc5.} Kg8 {[%emt 0:01:41] [#]} 37. Ra8 $3 {[%emt 0:00:55][%mdl 512] Weighted Error Value: White=0.21 (precise) /Black=0.71  Loses game:     	---       	Black=1      Mistake:       	---       	Black=2      Inaccurate:     	White=1     	Black=3      OK:         	White=11    	Black=6      Best:        	White=2     	Black=1      Strong:       	White=1     	---} 1-0

[Event "Frauenbundesliga 2024-25"]
[Site "Germany"]
[Date "2025.01.26"]
[Round "4.9"]
[White "Cosma, Elena-Luminita"]
[Black "Nebolsina, Vera"]
[Result "1/2-1/2"]
[Annotator "TA"]
[ECO "A49"]
[WhiteElo "2221"]
[BlackElo "2213"]
[PlyCount "144"]
[EventDate "2024.11.06"]
[EventType "team-tourn"]
[EventCountry "GER"]
[SourceTitle "playchess.com"]
[Source "ChessBase"]
[SourceQuality "1"]
[TimeControl "40/5400+30:1800+30"]

1. d4 Nf6 2. Nf3 g6 3. g3 Bg7 4. Bg2 O-O 5. O-O d6 6. b3 Nbd7 7. Bb2 e5 8. dxe5 Ng4 9. Qd2 dxe5 10. h3 {[%emt 0:20:06] A49: 1 d4 Nf6 2 Nf3 g6 3 g3: Anti-King's Indian systems.} Nh6 11. Rd1 f6 12. c4 {[%emt 0:03:17] White is slightly better.} e4 $146 (12... c6 $11 {keeps the balance.}) (12... Nf7 13. Nc3 f5 14. e4 f4 15. gxf4 exf4 16. Qxf4 Nfe5 17. Qg3 Nxf3+ 18. Bxf3 Qe8 {1-0 Mamedjarova,Z (2274)-Allahverdiyeva,A (2088) AZE-ch (Women) 2021 (7)}) 13. Qd5+ $16 Nf7 14. Qxe4 {[%emt 0:00:12] White has more active pieces.} Re8 15. Qc2 Qe7 16. Nc3 c6 {[%emt 0:00:14] Prevents Nd5} 17. Re1 Nc5 18. Ba3 Bf8 19. Rad1 Qc7 20. Bb2 f5 21. Nd4 a5 22. e3 Ng5 23. Nde2 a4 (23... Bg7 $16 24. Nf4 Be6) 24. Nxa4 Nxa4 25. bxa4 Ne6 26. Nc3 (26. Nf4 $18) 26... Qa5 27. Kh2 Qc5 (27... Bg7) 28. Ne2 Qb4 29. e4 Rxa4 ({Black should play} 29... Nc5) 30. Nc3 $1 (30. exf5 $6 Rxa2 31. Rd2 Bg7 $11) 30... Ra5 31. exf5 Rxf5 $2 (31... gxf5 $16 32. Rd2 Nd4 33. Rxd4 (33. Rxe8 Nxc2 34. Rxc2 Bd7 $11) 33... Rxe1) 32. Ne4 $18 Be7 33. a3 Qa5 34. Re2 Ref8 35. Nd6 Bxd6 36. Rxd6 Ng5 (36... Ng7 37. c5 (37. Re7 R5f7 $18) 37... R5f7) 37. f4 Nf7 38. Rd1 Rh5 {[%emt 0:00:00] Black is weak on the dark squares} 39. Qe4 Rxh3+ (39... Qc5 $142 40. Qc2 Qa5) 40. Bxh3 {[%emt 0:00:41] Qd4 would kill now. A strong pair of Bishops.} Qh5 {[%emt 0:00:02] [#]} 41. Qd4 $2 {[%emt 0:30:30] Prevents Bxh3} Qxe2+ $16 42. Bg2 {[%emt 0:00:00][%csl Gb2][%cal Rd4g7] Chess con chili.} Qh5+ 43. Kg1 Qh6 {[%emt 0:00:00] [#] Repels Qg7+} 44. Re1 (44. Bf3 $142 $1) 44... g5 45. Rf1 (45. Bf3 $18 {[%cal Of3h5] has better winning chances.} gxf4 46. gxf4 Qg6+ 47. Kf2) 45... Rd8 46. Qc3 gxf4 47. Rxf4 Qg5 48. c5 {[%emt 0:01:15][%csl Ob7,Oh7] Black has weak pawns} Re8 $2 {[%emt 0:00:00] Prevents Qe3.} (48... Rd1+ $14 49. Kf2 Bf5) 49. Re4 $2 (49. Bf1 $18 {and Bc4 would now be decisive} Be6 50. Be2) 49... Rd8 50. Re1 h5 51. a4 Bf5 52. Qf6 ({White should try} 52. a5 $16) 52... Qxg3 $15 {[%emt 0:00:00] Black attacks} 53. Bc3 {[%emt 0:01:07][%cal Oe1f1] [#]} Be4 $1 54. Rxe4 Rd1+ 55. Be1 Rxe1+ 56. Rxe1 Qxe1+ $11 {[%emt 0:00:03][%mdl 4096] Endgame KQB-KQN. Black is a pawn up.} 57. Bf1 Qe3+ 58. Qf2 $1 Qg5+ 59. Kh1 $1 Ne5 60. a5 $1 Kg7 61. a6 bxa6 62. Bxa6 Qg4 63. Be2 Qe4+ 64. Kg1 (64. Qg2+ $11 Qxg2+ 65. Kxg2) 64... Ng4 $17 65. Bxg4 (65. Qg2 $17 {was called for.} Qb4 66. Qg3) 65... hxg4 {[%emt 0:00:00] KQ-KQ. Black is a pawn up.} 66. Kh2 Kg6 $2 (66... Qe5+ $19 67. Kg2 Kg6) 67. Kg3 $11 {[%emt 0:00:00] The position is equal.} Qf3+ 68. Qxf3 gxf3 69. Kxf3 Kf5 70. Ke3 Ke5 71. Kd3 Kd5 72. Kc2 Kxc5 {[%emt 0:00:30] Weighted Error Value: White=0.39/Black=0.39  Loses game:     	---       	Black=1      Missed win:     	White=1     	Black=1      Mistake:       	White=6     	Black=7      Inaccurate:     	White=5     	Black=6      OK:         	White=16    	Black=20     Best:        	White=9     	Black=7      Strong:       	White=4     	---} 1/2-1/2